 Dungeon Crawl Stone Soup version 0.29-a0-375-g5102b3be25 (webtiles) character file.

Game seed: 12277325093202877910

2896 zeratav the Archer (level 9, -4/54 HPs)
             Began as a Tengu Hunter on May 3, 2022.
             Was a Priest of Dithmenos.
             Killed by divine providence
             ... invoked by an orc priest
              (15 damage)
             ... on level 7 of the Dungeon.
             The game lasted 00:15:04 (5676 turns).

zeratav the Archer (Tengu Hunter)                   Turns: 5676, Time: 00:15:04

Health: -4/54      AC: 21    Str: 11    XL:     9   Next: 77%
Magic:  10/10      EV: 14    Int: 11    God:    Dithmenos [***...]
Gold:   366        SH:  0    Dex: 27    Spells: 8/8 levels left

rFire   + . .      SeeInvis .   a - +1 shortbow {bow}
rCold   . . .      Faith    .   (shield currently unavailable)
rNeg    . . .      Spirit   .   M - +8 ring mail "Fixzy" {rF+ Regen+ Stlth+}
rPois   .          Reflect  .   (helmet restricted)
rElec   .          Harm     .   z - +0 cloak
rCorr   .          Rampage  .   d - +0 pair of gloves
Will    .....                   (boots unavailable)
Stlth   ++++......              (no amulet)
HPRegen 0.98/turn               i - +4 ring of protection
MPRegen 0.12/turn               f - +6 ring of dexterity

@: about to teleport, flying quickly and evasively, wreathed by umbra, quick
A: beak, talons 3, nimble flight
a: Renounce Religion, Shadow Step


You were on level 7 of the Dungeon.
You worshipped Dithmenos.
Dithmenos was most pleased with you.
You visited 1 branch of the dungeon, and saw 7 of its levels.

You collected 366 gold pieces.


Innate Abilities, Weirdness & Mutations

You have a beak for a mouth.
You have claws for feet.
Your magical nature lets you fly swiftly and evasively.


   Skills:
 + Level 5.5 Fighting
 - Level 12.0 Bows
 - Level 7.0 Armour
 - Level 2.1 Dodging
 - Level 1.0 Stealth


You had 8 spell levels left.
You didn't know any spells.
Your spell library contained the following spells:

 Spells                   Type           Power      Damage    Failure   Level
 Pain                     Necr           0%         1d4       58%         1
 Agony                    Necr           0%         N/A       100%        5
 Excruciating Wounds      Necr           0%         N/A       100%        5

Inventory:

Hand Weapons
 a - a +1 shortbow (weapon) {bow}
 b - a +1 vorpal longbow {bow}
   (You acquired it on level 7 of the Dungeon)
Armour
 d - a +0 pair of gloves (worn)
   (You found it on level 5 of the Dungeon)
 z - a +0 cloak (worn)
   (You found it on level 7 of the Dungeon)
 B - a +0 leather armour
   (You found it on level 7 of the Dungeon)
 M - the +8 ring mail "Fixzy" (worn) {rF+ Regen+ Stlth+}
   (You found it on level 5 of the Dungeon)

   rF:        It protects you from fire.
   Regen:     It increases your rate of health regeneration.
   Stlth:     It makes you more stealthy.
Jewellery
 f - a +6 ring of dexterity (right hand)
   (You found it on level 7 of the Dungeon)
 i - a +4 ring of protection (left hand)
   (You found it on level 1 of the Dungeon)
 m - a ring of willpower
   (You found it on level 7 of the Dungeon)
 v - a ring of poison resistance
   (You found it on level 3 of the Dungeon)
 H - a ring of positive energy
   (You took it off an orc priest on level 5 of the Dungeon)
 K - a ring of magical power
   (You found it on level 5 of the Dungeon)
Wands
 n - a wand of iceblast (8)
   (You found it on level 2 of the Dungeon)
 A - a wand of polymorph (13)
   (You found it on level 6 of the Dungeon)
 F - a wand of paralysis (2)
   (You took it off an orc on level 5 of the Dungeon)
 L - a wand of flame (15)
   (You found it on level 5 of the Dungeon)
Scrolls
 c - a scroll of immolation {!r!r}
 h - 3 scrolls of poison {!r}
 k - a scroll of magic mapping {!r}
 l - a scroll of brand weapon
 q - a scroll of enchant weapon {unknown}
 r - 2 scrolls of amnesia
 s - 2 scrolls of fog
 x - 2 scrolls of fear
 y - a scroll of vulnerability {!r!r}
Potions
 e - 2 potions of attraction {unknown}
 j - 3 potions of flight {unknown}
 o - a potion of might {unknown}
 p - 4 potions of heal wounds {unknown}
 t - a potion of resistance {unknown}
 u - a potion of mutation {unknown}
 w - a potion of curing {unknown}
 I - 2 potions of invisibility {unknown}

Dungeon Overview and Level Annotations

Branches:
Dungeon (7/15)             Temple (0/1) D:4

Altars:
Dithmenos
Qazlal

##### ####+##
##...# #..)..#
#$...#####+##)....#
#.o..))..........#
#ooy)))).........#
#o@o##...........#
######...........#
#............#
####+###o....#
#....##.....#
#.).........#
#...........#
#.!y........#
.......##....[#


You could see a killer bee, 3 orc priests and 2 orcs.


Message History

The orc priest shouts!
The killer bee barely misses you.
The killer bee stings you but does no damage.
The orc barely misses you. The orc priest barely misses you.
The killer bee closely misses you.
The killer bee stings you but does no damage.
HP[+1] Shoot: a) +1 shortbow {bow}
Press: ? - help, Q - select action, (/) - cycle Shift-Dir - straight line, f/p - killer bee
Aim: a killer bee (umbra, 53% to hit)
You shoot an arrow. The arrow hits the killer bee!
The killer bee closely misses you. x2; The orc completely misses you.
The orc priest barely misses you.
The orc priest mumbles some strange prayers to Beogh against you.
Pain shoots through your body!
* * * LOW HITPOINT WARNING * * *
The killer bee closely misses you.
The killer bee stings you but does no damage.
HP[-8]
You take 8 damage, and now have 25/54 hp.
Shoot: a) +1 shortbow {bow}
Press: ? - help, Q - select action, (/) - cycle Shift-Dir - straight line, f/p - killer bee
Aim: a killer bee (severely wounded, umbra, 53% to hit)
You shoot an arrow. The arrow hits the killer bee.
The killer bee stings you but does no damage. x2
The orc barely misses you.
The orc priest hits you but does no damage. x2
The killer bee barely misses you. The killer bee closely misses you.
HP[+1] Shoot: a) +1 shortbow {bow}
Press: ? - help, Q - select action, (/) - cycle Shift-Dir - straight line, f/p - killer bee
Aim: a killer bee (almost dead, umbra, 53% to hit)
You shoot an arrow. The arrow hits the killer bee!
You kill the killer bee!
Dithmenos accepts your kill. The killer bee completely misses you.
The orc priest closely misses you.
An orc comes into view. It is wielding a +0 mace.
The orc hits you but does no damage. The orc priest closely misses you.
The killer bee barely misses you.
HP[+1] Shoot: a) +1 shortbow {bow}
Press: ? - help, Q - select action, (/) - cycle Shift-Dir - straight line, f - killer bee
Aim: a killer bee (umbra, 53% to hit)
You shoot an arrow. The arrow hits the killer bee.
The killer bee closely misses you.
The orc priest invokes the aid of Beogh against you.
Pain shoots through your body!
* * * LOW HITPOINT WARNING * * *
The orc priest closely misses you. The orc completely misses you.
The killer bee stings you but does no damage.
HP[-10]
You take 10 damage, and now have 17/54 hp.
Shoot: a) +1 shortbow {bow}
Press: ? - help, Q - select action, (/) - cycle Shift-Dir - straight line, f/p - killer bee
Aim: a killer bee (heavily wounded, umbra, 53% to hit)
You shoot an arrow. The arrow hits the killer bee.
The killer bee completely misses you. The orc priest barely misses you.
The orc hits you but does no damage. The orc priest barely misses you.
The killer bee misses you.
HP[+1] Shoot: a) +1 shortbow {bow}
Press: ? - help, Q - select action, (/) - cycle Shift-Dir - straight line, f/p - killer bee
Aim: a killer bee (heavily wounded, umbra, 53% to hit)
You shoot an arrow. The arrow hits the killer bee.
The killer bee misses you. The orc priest closely misses you. x2
The orc priest hits you with a +0 mace.
* * * LOW HITPOINT WARNING * * *
The orc misses you. The killer bee misses you.
HP[-2]
You take 2 damage, and now have 16/54 hp.
Shoot: a) +1 shortbow {bow}
Press: ? - help, Q - select action, (/) - cycle Shift-Dir - straight line, f/p - killer bee
Aim: a killer bee (almost dead, umbra, 53% to hit)
You shoot an arrow. The arrow misses the killer bee.
The killer bee closely misses you.
The orc priest mumbles some strange prayers to Beogh against you.
Pain shoots through your body!
* * * LOW HITPOINT WARNING * * *
The orc priest hits you but does no damage.
The orc completely misses you. The orc priest closely misses you.
The killer bee stings you but does no damage.
HP[-3]
You take 3 damage, and now have 13/54 hp.
As you read the scroll of teleportation {@r4}, it crumbles to dust.
You feel strangely unstable.
The killer bee stings you but does no damage.
The orc priest closely misses you. The orc priest hits you with a +0 club.
* * * LOW HITPOINT WARNING * * *
The orc priest hits you but does no damage.
The orc closely misses you. The killer bee completely misses you.
HP[-3]
You take 3 damage, and now have 10/54 hp.
Shoot: a) +1 shortbow {bow}
Press: ? - help, Q - select action, (/) - cycle Shift-Dir - straight line, f/p - killer bee
Aim: a killer bee (almost dead, umbra, 53% to hit)
You shoot an arrow. The arrow hits the killer bee.
The killer bee completely misses you.
The orc priest calls down the wrath of Beogh upon you.
Beogh smites you!
You die...

Skill      XL: |  1  2  3  4  5  6  7  8  9 |
---------------+----------------------------+-----
Bows           | 5 6 7 8 10 12 | 12.0
Armour         | 4 7 |  7.0
Fighting       | 5 |  5.5
Dodging        | |  2.1
Stealth        | |  1.0

Action                   |  1- 3 |  4- 6 |  7- 9 || total
-------------------------+-------+-------+-------++-------
Melee: Hand axe          |       |       |     5 ||     5
       Kick              |       |       |     1 ||     1
       Dagger            |       |       |     6 ||     6
       Peck              |       |       |     2 ||     2
 Fire: Shortbow          |    66 |    86 |   404 ||   556
  Use: Scroll            |       |       |    14 ||    14
Armor: Leather armour    |     4 |     5 |    15 ||    24
       Ring mail         |       |       |   113 ||   113
Dodge: Dodged            |     5 |    17 |   294 ||   316

Levels and vault maps discovered:
D:1:      tarquinn_simple_flora_water_e, layout_basic, basic_ecumenical_altar,
          nicolae_concentric_dashed_squares_wild
D:2:      layout_basic
D:3:      layout_loops_ring
D:4:      layout_loops_corners, minmay_temple_entry_sparse_star
D:5:      layout_basic, mainiacjoe_overflow_six_doors_small
D:6:      layout_rooms
D:7:      layout_gridville, uniq_duvessa

Notes
Turn   | Place    | Note
-------+----------+-------------------------------------------
     0 | D:1      | zeratav the Tengu Hunter began the quest for the Orb.
     0 | D:1      | Reached XP level 1. HP: 12/12 MP: 2/2
     0 | D:1      | magus.rc [v1.9.6]
   188 | D:1      | Reached skill level 5 in Bows
   188 | D:1      | Reached XP level 2. HP: 17/17 MP: 3/3
   350 | D:1      | Reached XP level 3. HP: 21/21 MP: 4/4
   494 | D:1      | Found a faded altar of an unknown god.
   857 | D:1      | Prayed at the altar of an unknown god.
   857 | D:1      | Became a worshipper of Dithmenos the Shadowed
   857 | D:1      | Reached * piety under Dithmenos
  1326 | D:3      | Reached skill level 6 in Bows
  1326 | D:3      | Reached XP level 4. HP: 26/26 MP: 5/5
  1470 | D:3      | Noticed a bullfrog
  1478 | D:3      | Killed a bullfrog
  1479 | D:3      | Gained mutation: Your magical nature lets you fly swiftly
                  | and evasively. [Tengu growth]
  1479 | D:3      | Reached XP level 5. HP: 25/30 MP: 6/6
  1705 | D:3      | Reached skill level 7 in Bows
  1959 | D:4      | Reached ** piety under Dithmenos
  2039 | D:4      | Found a staircase to the Ecumenical Temple.
  2103 | D:4      | Reached XP level 6. HP: 35/35 MP: 7/7
  2181 | D:4      | You pick up a book of Pain and begin reading...
  2181 | D:4      | You add the spells Pain, Agony and Excruciating Wounds to
                  | your library.
  2256 | D:4      | Reached skill level 8 in Bows
  2406 | D:4      | Noticed a black bear
  2416 | D:4      | Killed a black bear
  2770 | D:4      | Reached XP level 7. HP: 40/40 MP: 8/8
  2773 | D:4      | Reached skill level 9 in Bows
  3132 | D:5      | Entered Level 5 of the Dungeon
  3305 | D:5      | Found a stormy altar of Qazlal.
  3425 | D:5      | Reached skill level 10 in Bows
  3473 | D:5      | Reached XP level 8. HP: 16/44 MP: 9/9
  3679 | D:5      | Paralysed by an orc for 3 turns
  3797 | D:5      | Reached skill level 11 in Bows
  3969 | D:5      | Identified the +8 ring mail "Fixzy" {rF+ Regen+ Stlth+}
  4149 | D:5      | Reached *** piety under Dithmenos
  4342 | D:5      | Reached skill level 12 in Bows
  4342 | D:5      | Reached skill level 1 in Armour
  4343 | D:5      | Reached skill level 2 in Armour
  4399 | D:5      | Reached skill level 3 in Armour
  4416 | D:5      | Reached skill level 4 in Armour
  4450 | D:6      | Reached XP level 9. HP: 48/48 MP: 10/10
  4577 | D:5      | Reached skill level 5 in Armour
  4692 | D:5      | Reached skill level 6 in Armour
  4928 | D:6      | Reached skill level 7 in Armour
  5223 | D:6      | Reached skill level 3 in Fighting
  5312 | D:6      | Identified the +10 hand axe of the Warrior-Mage {drain, rF+
                  | rC+ Int+2}
  5461 | D:7      | Reached skill level 4 in Fighting
  5521 | D:7      | Identified a scroll of acquirement
  5529 | D:7      | Acquired a +1 vorpal longbow
  5534 | D:7      | Reached skill level 5 in Fighting
  5674 | D:7      | HP: 13/54 [orc priest/nerve-wracking pain (4)]
  5676 | D:7      | Killed from afar by an orc priest

Vanquished Creatures
  A steam dragon (D:5)
  A water moccasin (D:7)
  A sky beast (D:5)
  3 black bears
  5 ogres
  A phantom (D:4)
  A gnoll sergeant (D:7)
  2 necrophages
  3 scorpions
  A bullfrog (D:3)
  5 wights
  3 killer bees (D:7)
  A howler monkey (D:6)
  6 hounds
  2 jellies (D:5)
  2 gnoll shamans
  5 orc priests
  4 iguanas
  6 orc wizards
  15 gnolls
  3 adders
  A white imp (D:5)
  3 dart slugs
  10 orcs
  9 endoplasms
  4 giant cockroaches
  5 goblins
  3 hobgoblins
  10 jackals
  3 ball pythons
  6 bats
  4 frilled lizards
  8 kobolds
  5 rats
142 creatures vanquished.

Table legend:
 A = Non-vault XP
 B = Vault XP
 C = Vault XP percentage of total XP
 D = Non-vault monster count
 E = Vault monster count
 F = Vault count percentage of total count
                 A         B        C        D         E       F
            +---------+---------+-------+---------+---------+-------
      Total |    4138 |       0 |   0.0 |     142 |       0 |   0.0
            +---------+---------+-------+---------+---------+-------
        D:1 |      54 |       0 |   0.0 |      25 |       0 |   0.0
        D:2 |      16 |       0 |   0.0 |       7 |       0 |   0.0
        D:3 |     131 |       0 |   0.0 |      16 |       0 |   0.0
        D:4 |     485 |       0 |   0.0 |      26 |       0 |   0.0
        D:5 |    2056 |       0 |   0.0 |      39 |       0 |   0.0
        D:6 |     766 |       0 |   0.0 |      17 |       0 |   0.0
        D:7 |     630 |       0 |   0.0 |      12 |       0 |   0.0
            +---------+---------+-------+---------+---------+-------

Illustrated notes

Table legend:
 A = Kills in this place as a percentage of kills in entire the game.
 B = Kills by you in this place as a percentage of kills by you in the entire game.
 C = Kills by friends in this place as a percentage of kills by friends in the entire game.
 D = Other kills in this place as a percentage of other kills in the entire game.
 E = Experience gained in this place as a percentage of experience gained in the entire game.
 F = Experience gained in this place divided by the number of levels of this place that you have seen.
                   A       B       C       D       E      F
               +-------+-------+-------+-------+-------+----------------------
         Total | 100.0 | 100.0 |   N/A |   N/A | 100.0 | 591.1
       Dungeon | 100.0 | 100.0 |   N/A |   N/A | 100.0 | 591.1
               +-------+-------+-------+-------+-------+----------------------

Table legend: (Time is in decaauts)
 A = Elapsed time spent in this place.
 B = Non-inter-level travel time spent in this place.
 C = Inter-level travel time spent in this place.
 D = Time resting spent in this place.
 E = Time spent auto-exploring this place.
 F = Levels seen in this place.
 G = Mean time per level.
                   A        B        C        D        E       F      G
               +--------+--------+--------+--------+--------+-----+--------+
         Total |   5491 |   5243 |    248 |    594 |   3457 |   7 |  784.4 |
       Dungeon |   5491 |   5243 |    248 |    594 |   3457 |   7 |  784.4 |
               +--------+--------+--------+--------+--------+-----+--------+

Top non-repeatable levels by time:
     D:5: 1527 daAuts
     D:4: 1173 daAuts
     D:1: 884 daAuts
     D:6: 642 daAuts
     D:3: 582 daAuts
     D:2: 455 daAuts
     D:7: 225 daAuts
